 Dungeon Crawl Stone Soup version 0.31-a0-876-gfe8ebadbca (webtiles) character file.

Game seed: 13169243884616634888

105 LeprechaunX the Changeling (level 4, 0/29 HPs)
             Began as an Octopode Shapeshifter on Oct 14, 2023.
             Slain by an orc wizard
             ... wielding a +0 dagger
              (4 damage)
             ... on level 2 of the Dungeon.
             The game lasted 00:01:57 (1033 turns).

LeprechaunX the Changeling (Octopode Shapeshifter)  Turns: 1033, Time: 00:01:57

Health: 0/29       AC:  1    Str: 15    XL:     4   Next: 83%
Magic:  4/4        EV: 13    Int: 12    God:
Gold:   45         SH:  0    Dex: 11    Spells: 3/3 levels left

rFire   . .          .
                       - Unarmed
rCold   . . .        (no shield)
rNeg    . . .        (helmet currently unavailable)
rPois   +            (no amulet)
rElec   .            j - ring of poison resistance
rCorr   .            (no ring)
SInv    .            (no ring)
Will    .....        (no ring)
Stlth   ++           (no ring)
HPRegen 0.24/turn    (no ring)
MPRegen 0.09/turn    (no ring)
                     (no ring)

%: no passive effects
@: confused, beast-form
A: beast (slay +2), almost no armour, amphibious, 8 rings, camouflage 1,
gelatinous body 1, (nimble swimmer 1), tentacles
a: Begin Untransformation


You were on level 2 of the Dungeon.
You were a hulking beast.
You visited 1 branch of the dungeon, and saw 2 of its levels.

You collected 45 gold pieces.

Inventory:

Jewellery
 j - a ring of poison resistance (left tentacle)
Talismans
 b - a beast talisman (active)
 c - a flux talisman
 h - a talisman of death
Scrolls
 d - a scroll of blinking {unknown}
 e - 2 scrolls of identify {unknown}
 g - a scroll of teleportation {unknown}
Potions
 a - a potion of lignification
 f - a potion of mutation {unknown}
 i - a potion of degeneration {unknown}


   Skills:
 + Level 2.1 Fighting
 + Level 2.8 Dodging
 + Level 3.5 Unarmed Combat
 * Level 3.9 Shapeshifting


You had 3 spell levels left.
You didn't know any spells.
Your spell library was empty.

Dungeon Overview and Level Annotations

Branches:
Dungeon (2/15)

Altars:

Shops:
D:2 (


Innate Abilities, Weirdness & Mutations

You are a hulking beast.
Your limbs bulge with bestial killing power. (Slay +2)
You cannot wear most types of armour.
You are amphibious.
You can wear up to eight rings at the same time.
Your skin changes colour to match your surroundings (Stealth+).
Your rubbery body absorbs attacks. (AC +1, EV +1)
((You are camouflaged when in or above water. (Stealth+)))
You have tentacles for arms and can constrict up to eight enemies at once.


Message History

a +0 flail; a +0 leather armour; an orc corpse You bump into the rock wall.
You feel less confused.
You tentacle-slap the goblin. Your grab misses the goblin.
The goblin is severely wounded.
The orc wizard casts a spell.
The orc wizard flickers and vanishes!
The goblin hits you with a +0 club.
You closely miss the goblin. You grab the goblin. You squeeze the goblin.
You kill the goblin!
You miss something.
Your tentacle-slap misses something.
Your squeeze misses something.
You hear some strange, mumbled words.
Something tries to affect you, but you resist.
You closely miss something. Your squeeze misses something. Something hits you.
You completely miss something. Your squeeze misses something.
Something hits you.
You tentacle-slap something. Your squeeze misses something. Something hits you.
You tentacle-slap something. Something hits you.
You tentacle-slap something. Your squeeze misses something.
You hear some strange, mumbled words.
Something hits the rat.
You tentacle-slap something.
Reactivating autopickup.
You feel a bit more experienced.
Your Fighting skill increases to level 2!
You closely miss the rat. Your grab misses the rat. You tentacle-slap the rat.
You kill the rat!
A magic dart appears from out of thin air!
Deactivating autopickup; reactivate with Ctrl-A.
The magic dart hits you! Something hits you.
* * * LOW HITPOINT WARNING * * *
Items here: )) [ †.
You barely miss something. Your squeeze misses something.
You hear some strange, mumbled words.
You are confused.
Something hits you.
* * * LOW HITPOINT WARNING * * *
Something hits you.
You die...

... .#. #.# #........
o...# #.# #........
......#.#####........
...{........+........
.########.###......
#.# #.... #.# #..# .
#.# #h.#####.... #.#
#){).......# #.#
#.################
#.#
#.#...............
#.# #.#... ###[...#.
########.# #.#...
#....#. #........#
#)#.. ######....##
#........# #.#..
#....†...###
#........###.#.#
#...)#...# #


There were no monsters in sight!

Vanquished Creatures
  2 orc wizards (D:2)
  2 adders (D:2)
  A worm (D:2)
  A dart slug (D:1)
  An orc (D:2)
  3 ball pythons (D:2)
  3 endoplasms
  2 giant cockroaches
  4 goblins
  2 hobgoblins
  A quokka (D:1)
  4 bats
  2 frilled lizards
  4 kobolds
  3 rats
35 creatures vanquished.

Notes
Turn   | Place    | Note
-------+----------+-------------------------------------------
     0 | D:1      | LeprechaunX the Octopode Shapeshifter began the quest for
                  | the Orb.
     0 | D:1      | Reached XP level 1. HP: 13/13 MP: 1/1
   252 | D:1      | Reached XP level 2. HP: 18/18 MP: 2/2
   472 | D:2      | Found Zeocint's Antique Weapon Boutique.
   510 | D:2      | Found a faded altar of an unknown god.
   522 | D:2      | Reached XP level 3. HP: 23/23 MP: 3/3
   943 | D:2      | Reached XP level 4. HP: 12/29 MP: 4/4
  1033 | D:2      | Slain by an orc wizard

Illustrated notes

Levels and vault maps discovered:
D:1:      lightli_arrival_lavapool, layout_basic, minivault_23
D:2:      minmay_recursive_quarters, layout_basic, serial_shops, shop,
          nicolae_ecumenical_snake_handling

Skill      XL: |  1  2  3  4 |
---------------+-------------+-----
Fighting       | 2 |  2.1
Dodging        | |  2.8
Unarmed Combat | |  3.5
Shapeshifting  | |  3.9

Action                     |  1- 3 |  4- 6 || total
---------------------------+-------+-------++-------
  Melee: Unarmed           |    61 |    13 ||    74
         Constrict         |    13 |     2 ||    15
         Tentacles         |     9 |     2 ||    11
         Punch             |     3 |     1 ||     4
   Stab: Sleeping          |     4 |       ||     4
 Armour: Skin              |    23 |    10 ||    33
  Dodge: Dodged            |    29 |       ||    29

Table legend: (Time is in decaauts)
 A = Elapsed time spent in this place.
 B = Non-inter-level travel time spent in this place.
 C = Inter-level travel time spent in this place.
 D = Time resting spent in this place.
 E = Time spent auto-exploring this place.
 F = Levels seen in this place.
 G = Mean time per level.
                   A        B        C        D        E       F      G
               +--------+--------+--------+--------+--------+-----+--------+
         Total |   1027 |   1003 |     24 |    140 |    649 |   2 |  513.5 |
       Dungeon |   1027 |   1003 |     24 |    140 |    649 |   2 |  513.5 |
               +--------+--------+--------+--------+--------+-----+--------+

Top non-repeatable levels by time:
     D:2: 577 daAuts
     D:1: 450 daAuts
